 Dungeon Sprint DCSS version 0.24-a0-250-g6074511092 (webtiles) character file.

Game seed: 16681655511298441638

272 Redear the Fighter (level 7, -1/69 HPs)
             Began as a Ghoul Fighter on Apr 15, 2019.
             Was an Elder of Makhleb.
             Slain by the 27-headed Lernaean hydra (10 damage)
             ... in the Dungeon (Sprint VI: "Thunderdome").
             The game lasted 00:06:07 (446 turns).

Redear the Fighter (Ghoul Fighter)                   Turns: 446, Time: 00:06:07

Health: -1/69      AC:  7    Str: 26    XL:     7   Next: 63%
Magic:  6/6        EV: 15    Int:  3    God:    Makhleb [****..]
Gold:   465        SH: 12    Dex: 16    Spells: 6/6 levels left

rFire    + . .     SeeInvis .     - Unarmed
rCold    + . .     Gourm    .   b - +0 shield
rNeg     + + +     Faith    .   a - +0 scale mail
rPois    ∞         Spirit   .   (no helmet)
rElec    .         Reflect  .   (no cloak)
rCorr    .         Harm     .   (no gloves)
MR       .....     NoTele   +   (no boots)
Stlth    ..........             j - amulet of Viniath {RegenMP rPois Dex+6}
HPRegen  0.00/turn              k - ring "Soppieru" {rN++ Slay+3}
MPRegen  0.35/turn              l - ring "Doytes" {rF+ EV+2 Str+6}

@: very slightly contaminated, rotting
A: rotting body, claws 1, carnivore, cold resistance 1, negative energy
resistance 3, inhibited regeneration, torment resistance, unbreathing
a: Minor Destruction, Lesser Servant of Makhleb, Major Destruction, Renounce
Religion


You were in the Dungeon.
You worshipped Makhleb.
Makhleb was greatly pleased with you.
You were not hungry.

You visited 1 branch You collected 600 gold pieces.
You spent 135 gold pieces at shops.

Inventory:

Armour
 a - a +0 scale mail (worn)
 b - a +0 shield (worn)
Jewellery
 j - the amulet of Viniath (around neck) {RegenMP rPois Dex+6}
   (You bought it in a shop in the Dungeon)

   [amulet of magic regeneration]

   It increases your magic regeneration.
   It affects your dexterity (+6).
   It protects you from poison.
 k - the ring "Soppieru" (left claw) {rN++ Slay+3}
   (You bought it in a shop in the Dungeon)

   [ring of slaying]

   It affects your accuracy and damage with ranged weapons and melee attacks
   (+3).
   It greatly protects you from negative energy.
 l - the ring "Doytes" (right claw) {rF+ EV+2 Str+6}
   (You bought it in a shop in the Dungeon)

   [ring of evasion]

   It affects your evasion (+2).
   It affects your strength (+6).
   It protects you from fire.
Scrolls
 d - 3 scrolls of fog
 B - 2 scrolls of blinking {@r4}
Potions
 c - a potion of might {Str+5 DMG+1d10 | @q3}
 e - a potion of resistance {rF+ rC+ rPois rElec rCorr}
 h - 2 potions of magic
 i - a potion of berserk rage
 H - 4 potions of haste {@q5}
 Q - a potion of curing {@q2}
Comestibles
 g - 4 chunks of flesh
 z - a ration


   Skills:
 + Level 8.6 Fighting
 + Level 7.2 Armour
 + Level 6.5 Dodging
 + Level 7.2 Shields
 + Level 8.2 Unarmed Combat


You had 6 spell levels left.
You didn't know any spells.
Your spell library was empty.

Dungeon Overview and Level Annotations

Branches:
Dungeon (1/1)

Altars:
Cheibriados
Dithmenos
Fedhas
Gozag
Kikubaaqudgha
Makhleb
Okawaru
Qazlal
Ru
Sif Muna
Trog
Uskayaw
Vehumet
Wu Jian
Xom
Yredelemnul
Zin
The Shining One
Beogh
Jiyva
Lugonu

Shops:
D *[%??*?*:[((!!!!

Annotations:
D Lernaean hydra


Innate Abilities, Weirdness & Mutations

Your body is rotting away.
You thrive on raw meat.
You are immune to poison.
You have sharp fingernails.
You are carnivorous and can eat meat at any time.
Your flesh is cold resistant. (rC+)
You are immune to negative energy. (rN+++)
You do not regenerate when monsters are visible.
You are immune to unholy pain and torment.
You can survive without breathing.


Message History

The acid corrodes the 27-headed Lernaean hydra!
The 27-headed Lernaean hydra is severely wounded.
The now-empty wand crumbles to dust.
You scratch the 27-headed Lernaean hydra.
The 27-headed Lernaean hydra is severely wounded.
You block the 27-headed Lernaean hydra's attack.
The 27-headed Lernaean hydra bites you. The 27-headed Lernaean hydra bites you!
You block the 27-headed Lernaean hydra's attack.
The 27-headed Lernaean hydra misses you.
The 27-headed Lernaean hydra bites you! x3
The 27-headed Lernaean hydra bites you.
* * * LOW HITPOINT WARNING * * *
The 27-headed Lernaean hydra closely misses you.
The 27-headed Lernaean hydra bites you but does no damage.
The 27-headed Lernaean hydra misses you. x2
You block the 27-headed Lernaean hydra's attack.
The 27-headed Lernaean hydra bites you!
* * * LOW HITPOINT WARNING * * *
The 27-headed Lernaean hydra bites you!
You die...

#⌠...........⌠#
######.8.........8.####
##∩_...[....###......___
###∩........8.# #.8.......
##........[....###.........
#⌠..........###...###......
#⌠........[.# #.<.# #......
#⌠..........###...###......
##.[[.....@....###.........
###∩......D.8.# #.8.......
##∩___......###......_._
######.8.........8.####
#⌠...........⌠#
###.........### #_......._#
#_......._# #_......._#


You could see the 27-headed Lernaean hydra.

Vanquished Creatures
  2 wraiths (D)
  Menkaure (D)
  An orc warrior (D)
  A wight (D)
  An orc priest (D)
  A worker ant (D)
  5 mummies (D)
  A dart slug (D)
  4 orcs (D)
  3 spectral bats (D)
  A goblin (D)
  A jackal (D)
22 creatures vanquished.

Notes
Turn   | Place    | Note
-------+----------+-------------------------------------------
     0 | D        | Redear the Ghoul Fighter began the quest for the Orb.
     0 | D        | Reached XP level 1. HP: 19/19 MP: 0/0
     1 | D        | Found a shimmering altar of Xom.
     1 | D        | Found a snail-covered altar of Cheibriados.
     2 | D        | Found a stormy altar of Qazlal.
     3 | D        | Found an iron altar of Okawaru.
     3 | D        | Found a sacrificial altar of Ru.
     4 | D        | Found Xiamuobb's Do-It-Yourself Clinic.
     4 | D        | Found a roughly hewn altar of Beogh.
     4 | D        | Found a bloodstained altar of Trog.
     4 | D        | Found Pueco's Distillery.
     5 | D        | Found Painkut's Bottled Wisdom.
     5 | D        | Found Jonap's Distillery.
     5 | D        | Round 1.
     7 | D        | Found a glowing silver altar of Zin.
     8 | D        | Found an opulent altar of Gozag.
    27 | D        | Found a blossoming altar of Fedhas.
    27 | D        | Found Fikabbas's Weapon Rack.
    27 | D        | Found Lodept's Basic Armour.
    28 | D        | Found Ponounn's Miscellaneous Merchandise.
    29 | D        | Found a glowing golden altar of the Shining One.
    29 | D        | Found an ancient bone altar of Kikubaaqudgha.
    29 | D        | Found a deep blue altar of Sif Muna.
    29 | D        | Found Jaggaos's Premium Goods.
    33 | D        | Found a radiant altar of Vehumet.
    34 | D        | Found a shadowy altar of Dithmenos.
    35 | D        | Found a hide-covered altar of Uskayaw.
    48 | D        | Noticed a worker ant
    61 | D        | Killed a worker ant
    61 | D        | Reached skill level 4 in Fighting
    61 | D        | Reached skill level 3 in Armour
    61 | D        | Reached skill level 2 in Dodging
    61 | D        | Reached skill level 3 in Shields
    61 | D        | Reached skill level 3 in Unarmed Combat
    61 | D        | Reached XP level 2. HP: 23/27 MP: 1/1
    61 | D        | Reached XP level 3. HP: 29/33 MP: 2/2
    69 | D        | Found Buagaug's Identification Station.
    69 | D        | Found a burning altar of Makhleb.
    69 | D        | Found Efaceam's Delicious Food.
    70 | D        | Found Luomibet's Advanced Armour.
    70 | D        | Found Meilax's Jewellery.
   105 | D        | Arena points: 12 (+12) [x2]
   113 | D        | Found an ornate altar of the Wu Jian Council.
   114 | D        | Found a basalt altar of Yredelemnul.
   115 | D        | Found a viscous altar of Jiyva.
   116 | D        | Found Betzot's Magic Scroll Shop.
   117 | D        | Found a corrupted altar of Lugonu.
   117 | D        | Found Niaroext's Staff Store.
   117 | D        | Found Qegaasiv's Magic Scroll Shop.
   117 | D        | Found Seqous Bevuo's Must-Have Magic.
   149 | D        | Became a worshipper of Makhleb the Destroyer
   157 | D        | Bought a vibrating brass amulet for 45 gold pieces
   157 | D        | Bought a clouded wooden ring for 45 gold pieces
   157 | D        | Bought a coiled golden ring for 45 gold pieces
   157 | D        | Identified the amulet of Viniath {RegenMP rPois Dex+6} (You
                  | bought it in a shop in the Dungeon)
   158 | D        | Identified the ring "Soppieru" {rN++ Slay+3} (You bought it
                  | in a shop in the Dungeon)
   159 | D        | Identified the ring "Doytes" {rF+ EV+2 Str+6} (You bought
                  | it in a shop in the Dungeon)
   167 | D        | Round 2.
   173 | D        | Reached * piety under Makhleb
   180 | D        | Noticed an orc warrior
   208 | D        | Reached skill level 5 in Fighting
   208 | D        | Reached skill level 4 in Armour
   208 | D        | Reached skill level 4 in Shields
   208 | D        | Reached skill level 4 in Unarmed Combat
   208 | D        | Reached XP level 4. HP: 42/42 MP: 3/3
   217 | D        | Killed an orc warrior
   217 | D        | Reached skill level 6 in Fighting
   217 | D        | Reached skill level 5 in Armour
   217 | D        | Reached skill level 4 in Dodging
   217 | D        | Reached skill level 5 in Shields
   217 | D        | Reached skill level 5 in Unarmed Combat
   217 | D        | Reached XP level 5. HP: 49/50 MP: 4/4
   220 | D        | Arena points: 48 (+36) [x3]
   235 | D        | Round 3.
   264 | D        | Reached ** piety under Makhleb
   264 | D        | Reached skill level 6 in Unarmed Combat
   268 | D        | Noticed a wraith
   282 | D        | Noticed a wraith
   285 | D        | Killed a wraith
   285 | D        | Reached skill level 7 in Fighting
   285 | D        | Reached skill level 6 in Armour
   285 | D        | Reached skill level 5 in Dodging
   285 | D        | Reached skill level 6 in Shields
   285 | D        | Reached XP level 6. HP: 60/60 MP: 5/5
   287 | D        | Reached skill level 7 in Unarmed Combat
   288 | D        | Reached *** piety under Makhleb
   301 | D        | Killed a wraith
   301 | D        | Arena points: 132 (+84) [x4]
   301 | D        | Reached skill level 8 in Fighting
   301 | D        | Reached skill level 6 in Dodging
   301 | D        | Reached XP level 7. HP: 46/68 MP: 6/6
   350 | D        | Round 4.
   359 | D        | Noticed Menkaure
   364 | D        | Killed Menkaure
   364 | D        | Reached skill level 7 in Armour
   364 | D        | Reached skill level 7 in Shields
   364 | D        | Reached skill level 8 in Unarmed Combat
   366 | D        | Reached **** piety under Makhleb
   384 | D        | Arena points: 272 (+140) [x5]
   433 | D        | Round 5.
   434 | D        | Noticed the 27-headed Lernaean hydra
   446 | D        | Slain by the 27-headed Lernaean hydra

Levels and vault maps discovered:
D:        arena_sprint

Skill      XL: |  1  2  3  4  5  6  7 |
---------------+----------------------+-----
Fighting       | 4 5 6 7 8 |  8.6
Armour         | 3 4 5 6 7 |  7.2
Dodging        | 2 4 5 6 |  6.5
Shields        | 3 4 5 6 7 |  7.2
Unarmed Combat | 3 4 5 6 7 8 |  8.2

Action                   |  1- 3 |  4- 6 |  7- 9 || total
-------------------------+-------+-------+-------++-------
Melee: Unarmed           |    54 |    39 |    20 ||   113
Evoke: Wand              |     2 |     1 |     7 ||    10
  Use: Potion            |     3 |     1 |       ||     4
       Scroll            |     1 |       |     1 ||     2
  Eat: Chunk             |     5 |     3 |     3 ||    11
Armor: Scale mail        |    13 |     6 |     1 ||    20
Dodge: Dodged            |    21 |    29 |    10 ||    60
Block: Shield            |    25 |    32 |     5 ||    62

Table legend:
 A = Non-vault XP
 B = Vault XP
 C = Vault XP percentage of total XP
 D = Non-vault monster count
 E = Vault monster count
 F = Vault count percentage of total count
                 A         B        C        D         E       F
            +---------+---------+-------+---------+---------+-------
      Total |     987 |       0 |   0.0 |      22 |       0 |   0.0
            +---------+---------+-------+---------+---------+-------
          D |     987 |       0 |   0.0 |      22 |       0 |   0.0
            +---------+---------+-------+---------+---------+-------
